 Dungeon Crawl Stone Soup version 0.25.1-2-g60ff931df9 (webtiles) character file.

Game seed: 1050703462400852335

2923 DildoBatman the Conjurer (level 10, -3/73 HPs)
             Began as a Formicid Wizard on Aug 18, 2020.
             Was a Follower of Kikubaaqudgha.
             Slain by a troll (5 damage)
             ... on level 9 of the Dungeon.
             The game lasted 00:34:58 (10763 turns).

DildoBatman the Conjurer (Formicid Wizard)         Turns: 10763, Time: 00:34:58

Health: -3/73      AC:  5    Str: 12    XL:     10   Next: 6%
Magic:  11/14      EV: 13    Int: 21    God:    Kikubaaqudgha [*.....]
Gold:   512        SH:  6    Dex:  9    Spells: 8/15 levels left

rFire    . . .     SeeInvis +   a - +3 halberd (vorpal)
rCold    . . .     Gourm    .   g - +2 buckler
rNeg     . . .     Faith    .   o - +0 robe
rPois    .         Spirit   .   (helmet unavailable)
rElec    .         Reflect  .   J - +2 cloak
rCorr    .         Harm     .   (no gloves)
MR       +....                  (no boots)
Stlth    ++........             (no amulet)
HPRegen  0.22/turn              (no ring)
MPRegen  0.14/turn              (no ring)

@: very slightly contaminated
A: permanent stasis, dig shafts and tunnels, four strong arms, antennae 3
a: Dig, Shaft Self, Receive Corpses, Renounce Religion


You were on level 9 of the Dungeon.
You worshipped Kikubaaqudgha.
Kikubaaqudgha was aware of your devotion.
You were not hungry.

You visited 2 branches of the dungeon, and saw 10 of its levels.

You collected 512 gold pieces.

Inventory:

Hand Weapons
 a - a +3 vorpal halberd (weapon)
 b - a +0 hunting sling
Missiles
 h - 123 bolts
 i - 207 stones
 j - 21 poisoned darts (quivered)
 k - 58 sling bullets
 l - 104 arrows
 A - 4 curare-tipped darts
 B - 4 boomerangs
 H - 7 atropa-tipped darts
Armour
 g - a +2 buckler (worn)
 o - a +0 robe (worn)
 G - the +2 ring mail of Qozav {rC+++ rN+++ Str-3 Dex-5, unknown}
   (You found it on level 8 of the Dungeon)

   It affects your strength (-3).
   It affects your dexterity (-5).
   It renders you almost immune to cold.
   It renders you almost immune to negative energy.
 J - a +2 cloak (worn)
Magical Staves
 W - an uncursed staff of wizardry
Wands
 s - a wand of paralysis (24)
 F - a wand of flame (22)
 K - a wand of digging (7)
Scrolls
 c - 5 scrolls of remove curse
 d - 2 scrolls of teleportation {unknown}
 e - 2 scrolls of fog
 m - 2 scrolls of enchant armour {unknown}
 u - 3 scrolls of immolation
 x - a scroll of enchant weapon {unknown}
 y - 3 scrolls of noise {unknown}
 z - a scroll of identify
 D - a scroll of amnesia {unknown}
 E - 2 scrolls of fear {unknown}
 L - a scroll of random uselessness {unknown}
 N - a scroll of blinking {unknown}
 O - a scroll of magic mapping
Potions
 f - 4 potions of mutation {unknown}
 n - 5 potions of curing {unknown}
 p - a potion of stabbing {unknown}
 q - a potion of magic {unknown}
 r - a potion of invisibility {unknown}
 t - 3 potions of lignification {unknown}
 w - a potion of haste {unknown}
 C - a potion of might {unknown}
 I - a potion of brilliance {unknown}
Comestibles
 v - 12 rations
 M - a chunk of flesh


   Skills:
 * Level 4.6 Fighting
 * Level 4.6 Armour
 * Level 4.3 Dodging
 - Level 2.4 Stealth
 - Level 3.0 Shields
 - Level 3.2 Spellcasting
 - Level 6.0 Conjurations
   Level 1.0 Summonings
   Level 0.8 Translocations
 - Level 5.0 Fire Magic
 - Level 5.0 Air Magic


You had 8 spell levels left.
You knew the following spells:

 Your Spells              Type           Power        Failure   Level  Hunger
a - Conjure Flame         Conj/Fire      ####....     4%          3    ###....
c - Magic Dart            Conj           ####         1%          1    None
e - Mephitic Cloud        Conj/Pois/Air  ###.....     9%          3    ###....

Your spell library contained the following spells:

 Spells                   Type           Power        Failure   Level  Hunger
 Apportation              Tloc           #.....       9%          1    None
 Summon Small Mammal      Summ           #...         9%          1    None
 Animate Skeleton         Necr           N/A          13%         1    None
 Corona                   Hex            #......      13%         1    None
 Pain                     Necr           #...         13%         1    None
 Call Imp                 Summ           #.......     13%         2    ##.....
 Slow                     Hex            #.......     21%         2    ##.....
 Sublimation of Blood     Necr           #.........   21%         2    ##.....
 Gell's Gravitas          Tloc           #.........   26%         3    ###....
 Confusing Touch          Hex            #.......     36%         3    ###....
 Vampiric Draining        Necr           #.........   36%         3    ###....
 Petrify                  Tmut/Erth      #.......     78%         4    ####...
 Metabolic Englaciation   Hex/Ice        #.........   98%         5    ######.
 Yara's Violent Unravell  Hex/Tmut       #.........   98%         5    ######.
 Blink                    Tloc           Unusable     N/A         2    N/A

Dungeon Overview and Level Annotations

Branches:
Dungeon (9/15)             Temple (1/1) D:7            Lair (0/6) D:8
    Orc: D:9-12

Altars:
Ashenzari
Cheibriados
Dithmenos
Elyvilon
Fedhas
Gozag
Hepliaklqana
Kikubaaqudgha
Makhleb
Nemelex Xobeh
Okawaru
Qazlal
Ru
Sif Muna
Trog
Uskayaw
Vehumet
Wu Jian
Xom
Yredelemnul
Zin
The Shining One


Innate Abilities, Weirdness & Mutations

You cannot be hasted, slowed, berserked, paralysed or teleported.
You can dig through walls and to a lower floor.
Your four strong arms can wield two-handed weapons with a shield.
You have a pair of large antennae on your head. (SInv)


Message History

Nothing appears to happen.
The troll bites you! The troll claws you. The troll closely misses you.
Okay, then.
Aiming: Paralyse
Press: ? - help, Shift-Dir - straight line, f/p - troll
Aim: a troll (chance to defeat MR: 46%)
The troll resists with some effort.
The troll closely misses you. The troll claws you! The troll claws you.
Aiming: Paralyse
Press: ? - help, Shift-Dir - straight line, f/p - troll
Aim: a troll (chance to defeat MR: 46%)
The troll resists with some effort.
The troll bites you but does no damage. The troll claws you. x2
You die...
Kikubaaqudgha rasps: "You have failed me!
Welcome... death!"

#. .## # ########+## ..# ###
..........## #.# #.. ...........#
#.# ###.#
...........#######.###### #....
...........#............#####....
...........#...............##....
...........#....@T......##.......
.)..<...................#####....
###.####.##....)........# #....
#.## ##.##............# #....
##.###.################ #####
##.#.## ##.## ###


You could see a troll.

Vanquished Creatures
  A steam dragon (D:8)
  A soldier ant (D:6)
  A water moccasin (D:8)
  2 sky beasts
  2 ice beasts
  A black bear (D:8)
  A hornet zombie (D:8)
  2 ogres
  A big kobold (D:7)
  2 bullfrogs (D:7)
  A gnoll sergeant (D:5)
  3 scorpions
  5 killer bees
  6 howler monkeys (D:7)
  A wight (D:6)
  3 crimson imps
  2 hounds
  A jelly (D:5)
  5 orc priests
  A bullfrog skeleton (D:8)
  Crazy Yiuf (D:4)
  6 worker ants
  3 orc wizards
  A hound zombie (D:6)
  A worker ant zombie (D:5)
  7 gnolls
  16 adders
  2 shadow imps
  2 oozes (D:3)
  An adder skeleton (D:5)
  3 worms
  2 dart slugs
  2 leopard geckos
  18 orcs
  6 giant cockroaches
  7 hobgoblins
  9 jackals
  8 kobolds
  2 quokkas
  2 ball pythons
  6 bats
  6 frilled lizards
  8 goblins
  2 quokka skeletons (D:5)
  4 rats
167 creatures vanquished.

Vanquished Creatures (collateral kills)
  A killer bee (D:5)
1 creature vanquished.

Vanquished Creatures (others)
  An orc (D:8)
1 creature vanquished.

Grand Total: 169 creatures vanquished

Notes
Turn   | Place    | Note
-------+----------+-------------------------------------------
     0 | D:1      | DildoBatman the Formicid Wizard began the quest for the
                  | Orb.
     0 | D:1      | Reached XP level 1. HP: 13/13 MP: 4/4
    55 | D:1      | Reached skill level 1 in Conjurations
   293 | D:1      | Reached XP level 2. HP: 19/19 MP: 3/6
   406 | D:1      | Reached skill level 2 in Conjurations
   997 | D:2      | Reached XP level 3. HP: 24/24 MP: 3/7
  1002 | D:2      | Learned a level 3 spell: Conjure Flame
  1006 | D:2      | Learned a level 3 spell: Mephitic Cloud
  1426 | D:2      | Reached skill level 3 in Conjurations
  1953 | D:2      | Reached XP level 4. HP: 30/30 MP: 3/8
  1971 | D:2      | Found an opulent altar of Gozag.
  2580 | D:3      | Reached skill level 4 in Conjurations
  2580 | D:3      | Reached XP level 5. HP: 35/35 MP: 9/9
  3744 | D:4      | Found a shimmering altar of Xom.
  3746 | D:4      | Found a bloodstained altar of Trog.
  3748 | D:4      | Found a glowing golden altar of the Shining One.
  3748 | D:4      | Found an ornate altar of the Wu Jian Council.
  3751 | D:4      | Found a basalt altar of Yredelemnul.
  3777 | D:4      | Reached skill level 1 in Fire Magic
  3831 | D:4      | Reached skill level 1 in Air Magic
  3831 | D:4      | Reached XP level 6. HP: 17/41 MP: 2/10
  4298 | D:4      | Found a runed translucent door.
  4299 | D:4      | Noticed Crazy Yiuf
  4915 | D:4      | Reached skill level 5 in Conjurations
  4915 | D:4      | Reached XP level 7. HP: 46/46 MP: 5/11
  4984 | D:5      | Entered Level 5 of the Dungeon
  5887 | D:7      | Found a staircase to the Ecumenical Temple.
  5895 | Temple   | Entered the Ecumenical Temple
  6041 | Temple   | Became a worshipper of Kikubaaqudgha
  6326 | D:5      | Reached XP level 8. HP: 36/52 MP: 6/12
  6821 | D:5      | Reached skill level 6 in Conjurations
  7537 | D:6      | Found an iron altar of Okawaru.
  7631 | D:6      | Reached skill level 5 in Fire Magic
  8122 | D:6      | Reached skill level 5 in Air Magic
  8122 | D:6      | Reached XP level 9. HP: 58/58 MP: 4/13
  8184 | D:6      | Reached skill level 1 in Fighting
  8347 | D:4      | Killed Crazy Yiuf
  8347 | D:4      | Reached skill level 1 in Armour
  8587 | D:7      | Reached * piety under Kikubaaqudgha
  8587 | D:7      | Identified Kikubaaqudgha's Tome of Necromancy
                  | (Kikubaaqudgha gifted it to you on level 7 of the Dungeon)
  8587 | D:7      | Received a gift from Kikubaaqudgha
  8974 | D:7      | Found a radiant altar of Vehumet.
  9261 | D:8      | Got a glimmering ring mail
  9322 | D:8      | Found a shattered altar of Ashenzari.
  9398 | D:8      | Found a staircase to the Lair.
  9439 | D:8      | Reached skill level 1 in Shields
 10507 | D:8      | Reached XP level 10. HP: 25/73 MP: 8/14
 10762 | D:9      | HP: 3/73 [troll (6)]
 10763 | D:9      | Slain by a troll

Illustrated notes

Levels and vault maps discovered:
D:1:      lightli_arrival_isolated_outpost, layout_loops_ring
D:2:      layout_loops_corners, nicolae_gozag_seed_capital
D:3:      layout_loops_ring
D:4:      layout_layer_cave, nicolae_overflow_hidden_temple,
          uniq_crazy_yiuf_cottage
D:5:      layout_gridville, first_ration, chequers_big_river
D:6:      layout_loops_ring, kennysheep_okawaru_gauntlet, minmay_small_thing
D:7:      layout_loops_ring, vehumet_crystals, minmay_temple_entry_large_hall,
          roderic_three_in_a_row
D:8:      layout_layer_cave, dpeg_oklobed_lair, basic_altar
D:9:      layout_roguey [special_room_orc], hangedman_fish_farm,
          grunt_ministairs_10
Temple:   regret_index_temple_waves

Skill      XL: |  1  2  3  4  5  6  7  8  9 10 |
---------------+-------------------------------+-----
Conjurations   | 1 2 3 4 5 6 |  6.0
Fire Magic     | 1 2 3 5 |  5.0
Air Magic      | 1 2 3 5 |  5.0
Fighting       | 4 |  4.6
Dodging        | 4 |  4.3
Armour         | 4 |  4.6
Shields        | 2 3 |  3.0
Stealth        | |  2.4
Spellcasting   | |  3.2
Summonings     | |  1.0
Translocations | |  0.8

Action                   |  1- 3 |  4- 6 |  7- 9 | 10-12 || total
-------------------------+-------+-------+-------+-------++-------
Melee: Dagger            |     1 |       |    34 |       ||    35
       Short sword       |       |     5 |       |       ||     5
       Halberd           |       |       |    78 |    20 ||    98
 Fire: Hunting sling     |     5 |    46 |   129 |       ||   180
Throw: Dart              |       |    20 |    55 |     4 ||    79
 Cast: Magic Dart        |    79 |    91 |   115 |     9 ||   294
       Mephitic Cloud    |       |     8 |    35 |     5 ||    48
       Conjure Flame     |       |       |    24 |     2 ||    26
 Abil: Dig               |     1 |     6 |    21 |     1 ||    29
Evoke: Wand              |       |       |       |     3 ||     3
  Use: Scroll            |       |       |     6 |       ||     6
 Stab: Confused          |       |       |     1 |       ||     1
       Paralysed         |       |       |       |     1 ||     1
  Eat: Chunk             |     2 |     6 |    18 |     3 ||    29
       Ration            |       |     1 |     2 |       ||     3
Armor: Robe              |       |     2 |    19 |     2 ||    23
Dodge: Dodged            |     4 |    20 |   114 |     7 ||   145
Block: Buckler           |       |       |     8 |     2 ||    10
